ITL
HAVANA ROLLERS @ BIRMINGHAM BARONS
09/17/2030
 
TOP OF THE 1ST
Havana Rollers batting - Pitching for Birmingham Barons : RHP Alvin Heath
Pitching: RHP Alvin Heath
Batting: LHB Marvin Nichols 0-0: Ball
1-0: Bunt missed!
1-1: Foul Ball, location: 2F
1-2: Strikes out swinging
Batting: LHB Mario Olivares 0-0: Called Strike
0-1: Ball
1-1: Foul Ball, location: 2F
1-2: Ball
2-2: Foul Ball, location: 2F
2-2: Foul Ball, location: 2F
2-2: Strikes out looking
Batting: RHB Soshu Nakamura 0-0: Fly out, F8 (Flyball, 8RM)
Top of the 1st over - 0 runs, 0 hits, 0 errors, 0 left on base; Havana 0 - Birmingham 0
BOTTOM OF THE 1ST
Birmingham Barons batting - Pitching for Havana Rollers : RHP Bob Holland
Pitching: RHP Bob Holland
Batting: LHB Ron Young 0-0: Foul Ball, location: 2F
0-1: Ball
1-1: Fly out, F8 (Flyball, 8LD)
Batting: SHB Randy Anderson 0-0: Called Strike
0-1: Ball
1-1: Ball
2-1: Foul Ball, location: 2F
2-2: Ball
3-2: Base on Balls
Batting: RHB Bob McDonald 0-0: Called Strike
0-1: Hit by Pitch
Randy Anderson to second
Batting: RHB Bryant von Bohlen 0-0: Ball
1-0: Fielders Choice at 2nd, 1-4 (Groundball, 15S)
Randy Anderson to third
Batting: RHB Dave Dawson 0-0: Called Strike
0-1: Ball
1-1: Ball
2-1: Called Strike
2-2: Ground out 4-3 (Groundball, 4M)
Bottom of the 1st over - 0 runs, 0 hits, 0 errors, 2 left on base; Havana 0 - Birmingham 0
TOP OF THE 2ND
Havana Rollers batting - Pitching for Birmingham Barons : RHP Alvin Heath
Batting: LHB Enrique Cortéz 0-0: Ball
1-0: Foul Ball, location: 2F
1-1: Ball
2-1: Ball
3-1: Ground out 4-3 (Groundball, 34)
Batting: RHB Bill Little 0-0: Swinging Strike
0-1: Swinging Strike
0-2: Strikes out swinging
Batting: LHB Shiro Ueno 0-0: Ball
1-0: Fly out, F7 (Flyball, 7LSF)
Top of the 2nd over - 0 runs, 0 hits, 0 errors, 0 left on base; Havana 0 - Birmingham 0
BOTTOM OF THE 2ND
Birmingham Barons batting - Pitching for Havana Rollers : RHP Bob Holland
Batting: LHB Alberto Santos 0-0: Ball
1-0: Ball
2-0: Ground out 4-3 (Groundball, 4)
Batting: RHB Jesús Velásquez 0-0: Ball
1-0: Called Strike
1-1: Ball
2-1: Ball
3-1: Foul Ball, location: 2F
3-2: Foul Ball, location: 2F
3-2: Ground out 5-3 (Groundball, 56)
Batting: RHB Jerry Johnston 0-0: Ball
1-0: Called Strike
1-1: Foul Ball, location: 2F
1-2: Strikes out looking
Bottom of the 2nd over - 0 runs, 0 hits, 0 errors, 0 left on base; Havana 0 - Birmingham 0
TOP OF THE 3RD
Havana Rollers batting - Pitching for Birmingham Barons : RHP Alvin Heath
Batting: RHB Luis Aguilar 0-0: Ball
1-0: Ball
2-0: Foul Ball, location: 2F
2-1: SINGLE (Line Drive, 4D)
Batting: RHB Chad Case 0-0: Fielders Choice at 2nd, 4-6 (Groundball, 4)
Batting: RHB Ken MacDonald 0-0: Called Strike
0-1: Ball
1-1: Called Strike
1-2: SINGLE (Groundball, 6MD)
Chad Case to second
Runner from 2nd tries for 3rd, SAFE, no throw
Batting: LHB Marvin Nichols 0-0: Ball
1-0: Foul Ball, location: 2F
1-1: Fly out, F9 (Flyball, 9S)
Runner from 3rd tags up, SCORES, no throw
Batting: LHB Mario Olivares 0-0: Foul Ball, location: 2F
0-1: Ball
1-1: Ball
2-1: Called Strike
2-2: SINGLE (Line Drive, 6MD)
Ken MacDonald to second
Batting: RHB Soshu Nakamura 0-0: Ball
1-0: Called Strike
1-1: Ball
2-1: Called Strike
2-2: DOUBLE (Line Drive, 7D)
Ken MacDonald scores
Mario Olivares to third
Runner from 3rd tries for Home, SAFE, no throw
Batting: LHB Enrique Cortéz 0-0: Foul Ball, location: 2F
0-1: Fly out, F7 (Flyball, 7S)
Top of the 3rd over - 3 runs, 4 hits, 0 errors, 1 left on base; Havana 3 - Birmingham 0
BOTTOM OF THE 3RD
Birmingham Barons batting - Pitching for Havana Rollers : RHP Bob Holland
Batting: RHB Dave Williams 0-0: Foul Ball, location: 2F
0-1: Foul Ball, location: 2F
0-2: Strikes out looking
Batting: LHB Ron Young 0-0: Fly out, F7 (Flyball, 7D)
Batting: SHB Randy Anderson 0-0: Ball
1-0: Fly out, F1 (Line Drive, 13S)
Bottom of the 3rd over - 0 runs, 0 hits, 0 errors, 0 left on base; Havana 3 - Birmingham 0
TOP OF THE 4TH
Havana Rollers batting - Pitching for Birmingham Barons : RHP Alvin Heath
Batting: RHB Bill Little 0-0: SINGLE (Flyball, 7LM)
Batting: LHB Shiro Ueno 0-0: Foul Ball, location: 2F
0-1: Ball
1-1: Foul Ball, location: 2F
1-2: DOUBLE (Line Drive, 89M)
Bill Little to third
Batting: RHB Luis Aguilar 0-0: Called Strike
0-1: Ball
1-1: Reached on error, E5 (Popup, 56)
Bill Little scores
Shiro Ueno to third
Batting: RHB Chad Case 0-0: Ball
1-0: Ball
2-0: Foul Ball, location: 2F
2-1: Called Strike
2-2: Reached on error, E5 (Groundball, 56)
Shiro Ueno scores
Luis Aguilar to second
Batting: RHB Ken MacDonald 0-0: Called Strike
0-1: Ball
1-1: Ball
2-1: Swinging Strike
2-2: Foul Ball, location: 2F
2-2: SINGLE (Line Drive, 56D)
Luis Aguilar to third
Chad Case to second
Batting: LHB Marvin Nichols 0-0: Ball
1-0: Called Strike
1-1: Called Strike
1-2: Foul Ball, location: 2F
1-2: Ball
2-2: Ball
3-2: Strikes out swinging
Batting: LHB Mario Olivares 0-0: Single, Error in OF, E9, batter to second base
Luis Aguilar scores
Chad Case scores
Ken MacDonald to third
Batting: RHB Soshu Nakamura 0-0: Ball
1-0: SINGLE (Line Drive, 4D)
Ken MacDonald scores
Mario Olivares to third
Runner from 3rd tries for Home, SAFE, no throw
Batting: LHB Enrique Cortéz 0-0: Ball
1-0: Fly out, F7 (Flyball, 78S)
Batting: RHB Bill Little 0-0: Called Strike
0-1: Called Strike
0-2: Foul Ball, location: 2F
0-2: Strikes out swinging
Top of the 4th over - 6 runs, 5 hits, 3 errors, 1 left on base; Havana 9 - Birmingham 0
BOTTOM OF THE 4TH
Birmingham Barons batting - Pitching for Havana Rollers : RHP Bob Holland
Batting: RHB Bob McDonald 0-0: Swinging Strike
0-1: Fly out, F8 (Flyball, 8LXD)
Batting: RHB Bryant von Bohlen 0-0: Fly out, F6 (Line Drive, 6M)
Batting: RHB Dave Dawson 0-0: Swinging Strike
0-1: Swinging Strike
0-2: Ball
1-2: Foul Ball, location: 2F
1-2: Foul Ball, location: 2F
1-2: Ground out U3 (Groundball, 34)
Bottom of the 4th over - 0 runs, 0 hits, 0 errors, 0 left on base; Havana 9 - Birmingham 0
TOP OF THE 5TH
Havana Rollers batting - Pitching for Birmingham Barons : RHP Alvin Heath
Batting: LHB Shiro Ueno 0-0: Ground out 4-3 (Groundball, 4S)
Batting: RHB Luis Aguilar 0-0: SINGLE (Flyball, 8LS)
Batting: RHB Chad Case 0-0: Called Strike
0-1: Swinging Strike
0-2: Ball
1-2: Ball
2-2: Ball
3-2: Base on Balls
Luis Aguilar to second
Batting: RHB Ken MacDonald 0-0: Ball
1-0: Swinging Strike
1-1: Ball
2-1: Called Strike
2-2: Ball
3-2: Strikes out swinging
Batting: LHB Marvin Nichols 0-0: Swinging Strike
0-1: Foul Ball, location: 2F
0-2: Ball
1-2: Ball
2-2: Foul Ball, location: 2F
2-2: Ball
3-2: Base on Balls
Luis Aguilar to third
Chad Case to second
Pitching: LHP Gonzalo Martínez
Batting: LHB Mario Olivares 0-0: Ball
1-0: Foul Ball, location: 2F
1-1: Ball
2-1: Ball
3-1: Ground out U3 (Groundball, 3S)
Top of the 5th over - 0 runs, 1 hit, 0 errors, 3 left on base; Havana 9 - Birmingham 0
BOTTOM OF THE 5TH
Birmingham Barons batting - Pitching for Havana Rollers : RHP Bob Holland
Batting: LHB Alberto Santos 0-0: Called Strike
0-1: Foul Ball, location: 2F
0-2: Ball
1-2: Strikes out swinging
Batting: RHB Jesús Velásquez 0-0: Called Strike
0-1: Ground out 6-3 (Groundball, 6)
Batting: RHB Jerry Johnston 0-0: SINGLE (Flyball, 7S)
Batting: RHB Dave Williams 0-0: Ball
Jerry Johnston is caught stealing 2nd base
Bottom of the 5th over - 0 runs, 1 hit, 0 errors, 0 left on base; Havana 9 - Birmingham 0
TOP OF THE 6TH
Havana Rollers batting - Pitching for Birmingham Barons : LHP Gonzalo Martínez
Batting: RHB Soshu Nakamura 0-0: Ball
1-0: SINGLE (Groundball, 56D)
Batting: LHB Enrique Cortéz 0-0: Ball
1-0: Called Strike
1-1: Swinging Strike
1-2: 2-RUN HOME RUN (Flyball, 9D), Distance : 342 ft
Batting: RHB Bill Little 0-0: Ground out 4-3 (Groundball, 4)
Batting: LHB Shiro Ueno 0-0: Foul Ball, location: 2F
0-1: Ball
1-1: Swinging Strike
1-2: Strikes out swinging
Batting: RHB Luis Aguilar 0-0: Swinging Strike
0-1: Ball
1-1: Ball
2-1: Ball
3-1: Base on Balls
Batting: RHB Chad Case 0-0: Ball
1-0: Foul Ball, location: 2F
1-1: Foul Ball, location: 2F
1-2: Foul Ball, location: 2F
1-2: Ball
2-2: Ball
3-2: Ground out 6-3 (Groundball, 6S)
Top of the 6th over - 2 runs, 2 hits, 0 errors, 1 left on base; Havana 11 - Birmingham 0
BOTTOM OF THE 6TH
Birmingham Barons batting - Pitching for Havana Rollers : RHP Bob Holland
Batting: RHB Dave Williams 0-0: Ball
1-0: Ball
2-0: Ground out 6-3 (Groundball, 6)
Batting: LHB Ron Young 0-0: Ball
1-0: Ball
2-0: Ball
3-0: Base on Balls
Batting: SHB Randy Anderson 0-0: Called Strike
0-1: Ball
1-1: SINGLE (Groundball, 34) (infield hit)
Ron Young to second
Batting: RHB Bob McDonald 0-0: Reached on error, E1 (Groundball, 13)
Ron Young to third
Randy Anderson to second
Batting: RHB Bryant von Bohlen 0-0: Grounds into double play, 6-4-3 (Groundball, 6)
Bottom of the 6th over - 0 runs, 1 hit, 1 error, 2 left on base; Havana 11 - Birmingham 0
TOP OF THE 7TH
Havana Rollers batting - Pitching for Birmingham Barons : LHP Gonzalo Martínez
Batting: RHB Ken MacDonald 0-0: Foul Ball, location: 2F
0-1: Called Strike
0-2: SINGLE (Groundball, 34D)
Batting: LHB Marvin Nichols 0-0: Foul Ball, location: 2F
0-1: Foul Ball, location: 2F
0-2: Ball
Throwing error on steal attempt, E2
Ken MacDonald to third
1-2: Strikes out swinging
Batting: LHB Mario Olivares 0-0: SINGLE (Groundball, 3D)
Ken MacDonald scores
Batting: RHB Soshu Nakamura 0-0: Called Strike
0-1: Ball
1-1: Ball
2-1: DOUBLE (Flyball, 89D)
Mario Olivares to third
Runner from 3rd tries for Home, SAFE, no throw
Batting: LHB Enrique Cortéz 0-0: Ball
1-0: Fly out, F7 (Flyball, 7S)
Batting: RHB Bill Little 0-0: Called Strike
0-1: Fly out, F9 (Flyball, 9S)
Top of the 7th over - 2 runs, 3 hits, 1 error, 1 left on base; Havana 13 - Birmingham 0
BOTTOM OF THE 7TH
Birmingham Barons batting - Pitching for Havana Rollers : RHP Bob Holland
Batting: RHB Dave Dawson 0-0: Ball
1-0: Fly out, F9 (Flyball, 89XD)
Batting: LHB Alberto Santos 0-0: SINGLE (Line Drive, 78S)
Batting: RHB Jesús Velásquez 0-0: Ball
1-0: Called Strike
1-1: Ball
2-1: Ball
3-1: Base on Balls
Alberto Santos to second
Batting: RHB Jerry Johnston 0-0: Ball
1-0: Called Strike
1-1: Foul Ball, location: 2F
1-2: Foul Ball, location: 2F
1-2: Ball
2-2: SINGLE (Groundball, 25) (infield hit)
Alberto Santos to third
Jesús Velásquez to second
Batting: RHB Dave Williams 0-0: Ball
1-0: Ball
2-0: Called Strike
2-1: Swinging Strike
2-2: Strikes out swinging
Batting: LHB Ron Young 0-0: Ball
1-0: Ball
2-0: Swinging Strike
2-1: SINGLE (Line Drive, 89S)
Alberto Santos scores
Jesús Velásquez to third
Jerry Johnston to second
Throwing error, E9
Jesús Velásquez scores
Jerry Johnston to third
Ron Young to second
Batting: SHB Randy Anderson 0-0: Ball
1-0: Called Strike
1-1: SINGLE (Groundball, 4D)
Jerry Johnston scores
Ron Young to third
Runner from 3rd tries for Home, SAFE, no throw
Batting: RHB Bob McDonald 0-0: Foul Ball, location: 2F
0-1: Ball
1-1: Ball
2-1: Ball
3-1: Swinging Strike
3-2: Strikes out looking
Bottom of the 7th over - 4 runs, 4 hits, 1 error, 1 left on base; Havana 13 - Birmingham 4
TOP OF THE 8TH
Havana Rollers batting - Pitching for Birmingham Barons : LHP Gonzalo Martínez
Batting: LHB Shiro Ueno 0-0: Called Strike
0-1: Swinging Strike
0-2: Foul Ball, location: 2F
0-2: Ball
1-2: Ground out 5-3 (Groundball, 5)
Batting: RHB Luis Aguilar 0-0: Ball
1-0: Called Strike
1-1: Ground out 3-1 (Groundball, 34)
Batting: RHB Chad Case 0-0: Called Strike
0-1: Ball
1-1: Ground out 5-3 (Groundball, 5S)
Top of the 8th over - 0 runs, 0 hits, 0 errors, 0 left on base; Havana 13 - Birmingham 4
BOTTOM OF THE 8TH
Birmingham Barons batting - Pitching for Havana Rollers : RHP Bob Holland
Batting: RHB Bryant von Bohlen 0-0: Swinging Strike
0-1: Ball
1-1: Ball
2-1: Foul Ball, location: 2F
2-2: Foul Ball, location: 2F
2-2: Ball
3-2: Fly out, F8 (Flyball, 8LS)
Pitching: LHP Mike Doss
Batting: RHB Dave Dawson 0-0: Called Strike
0-1: Swinging Strike
0-2: Ball
1-2: Fly out, F9 (Flyball, 9D)
Batting: LHB Alberto Santos 0-0: Ball
1-0: Ball
2-0: Called Strike
2-1: Ball
3-1: SINGLE (Groundball, 4MD)
Batting: RHB Jesús Velásquez 0-0: Ball
1-0: Ball
2-0: Ball
3-0: Called Strike
3-1: Ground out U3 (Groundball, 34S)
Bottom of the 8th over - 0 runs, 1 hit, 0 errors, 1 left on base; Havana 13 - Birmingham 4
TOP OF THE 9TH
Havana Rollers batting - Pitching for Birmingham Barons : LHP Gonzalo Martínez
Batting: RHB Ken MacDonald 0-0: Swinging Strike
0-1: Ball
1-1: Called Strike
1-2: Strikes out looking
Batting: LHB Marvin Nichols 0-0: Ball
1-0: Called Strike
1-1: SINGLE (Groundball, 6M) (infield hit)
Pinch Runner at 1st Paul Bailey:
Batting: LHB Mario Olivares 0-0: Fly out, F9 (Line Drive, 9)
Batting: RHB Soshu Nakamura 0-0: Ball
1-0: Ball
2-0: Called Strike
2-1: DOUBLE (Groundball, 5L)
Paul Bailey to third
Batting: LHB Enrique Cortéz 0-0: Called Strike
0-1: Foul Ball, location: 2F
0-2: Foul Ball, location: 2F
0-2: Ball
1-2: Foul Ball, location: 2F
1-2: Ball
2-2: Foul Ball, location: 2F
2-2: Ball
3-2: Base on Balls
Batting: RHB Bill Little 0-0: Ball
1-0: Foul Ball, location: 2F
1-1: Foul Ball, location: 2F
1-2: Fly out, F7 (Flyball, 78M)
Top of the 9th over - 0 runs, 2 hits, 0 errors, 3 left on base; Havana 13 - Birmingham 4
BOTTOM OF THE 9TH
Birmingham Barons batting - Pitching for Havana Rollers : LHP Mike Doss
Now in LF: Paul Bailey
Batting: RHB Jerry Johnston 0-0: Ball
1-0: Called Strike
1-1: Swinging Strike
1-2: Strikes out looking
Batting: RHB Dave Williams 0-0: Fly out, F9 (Flyball, 89S)
Batting: LHB Ron Young 0-0: Ball
1-0: Foul Ball, location: 2F
1-1: SINGLE (Groundball, 3D)
Batting: SHB Randy Anderson 0-0: Foul Ball, location: 2F
0-1: Ball
1-1: Called Strike
1-2: Foul Ball, location: 2F
1-2: Ball
2-2: Strikes out swinging
Bottom of the 9th over - 0 runs, 1 hit, 0 errors, 1 left on base; Havana 13 - Birmingham 4
Saturday, April 7th, 2018 - OOTP Baseball 18.8 Build 76